 Dungeon Crawl Stone Soup version 0.31-a0-236-g9a0961fb85 (webtiles) character file.

Game seed: 18189252676897038824

210 qw the Shooter (level 5, -5/32 HPs)
             Began as a Gargoyle Hexslinger on July 10, 2023.
             Slain by Grinder (7 damage)
             ... on level 4 of the Dungeon.
             The game lasted 00:01:05 (2364 turns).

qw the Shooter (Gargoyle Hexslinger)                Turns: 2364, Time: 00:01:05

Health: -5/32      AC:  9    Str: 12    XL:     5   Next: 88%
Magic:  6/6        EV: 10    Int: 13    God:
Gold:   145        SH:  0    Dex: 14    Spells: 5/6 levels left

rFire   . . .        Y - +1 sling
rCold   . . .        (no shield)
rNeg    + . .        e - +0 ring mail
rPois   inf          (no helmet)
rElec   +            f - scarf {repulsion}
rCorr   .            (no gloves)
SInv    .            (no boots)
Will    .....        (no amulet)
Stlth   +            (no ring)
HPRegen 0.25/turn    (no ring)
MPRegen 0.10/turn

%: repel missiles
@: no status effects
A: sickness immunity, AC +4, negative energy resistance 1, electricity
resistance, torment resistance 1, petrification resistance
a: no special abilities


You were on level 4 of the Dungeon.
You visited 1 branch of the dungeon, and saw 4 of its levels.

You collected 145 gold pieces.


Innate Abilities, Weirdness & Mutations

You are immune to sickness and miasma.
Your stone body is resilient. (AC +4)
You are immune to poison.
You resist negative energy. (rN+)
You are resistant to electric shocks. (rElec)
You are resistant to unholy torment.
You are immune to petrification.


   Skills:
 - Level 3.1 Fighting
 + Level 5.0 Ranged Weapons
 - Level 1.0 Armour
 - Level 1.5 Dodging
 - Level 1.0 Spellcasting
 - Level 2.6 Hexes


You had 5 spell levels left.
You knew the following spells:

 Your Spells              Type           Power      Damage    Failure   Level
a - Slow                  Hex            28%        N/A       22%         1

Your spell library contained the following spells:

 Spells                   Type           Power      Damage    Failure   Level
 Inner Flame              Hex/Fire       4%         N/A       73%         3
 Portal Projectile        Hex/Tloc       8%         N/A       73%         3
 Cause Fear               Hex            3%         N/A       91%         4

Inventory:

Hand Weapons
 Y - a +1 sling (weapon)
Armour
 e - a +0 ring mail (worn)
 f - a scarf of repulsion (worn)
Scrolls
 a - 2 scrolls of identify
 b - a scroll of enchant armour
Potions
 d - a potion of might

Dungeon Overview and Level Annotations

Branches:
Dungeon (4/15)
 Temple: D:4-7

Altars:
Fedhas
Kikubaaqudgha
Uskayaw
Yredelemnul
Zin

Annotations:
D:3 exclusion: 2 gnolls
D:4 Grinder


Message History

The sling bullet hits Grinder but does no damage.
Grinder is lightly wounded.
You shoot a sling bullet. The sling bullet hits Grinder.
Grinder is moderately wounded.
You shoot a sling bullet.
The sling bullet completely misses Grinder.
You shoot a sling bullet.
The sling bullet closely misses Grinder.
You shoot a sling bullet. The sling bullet hits Grinder.
Grinder is moderately wounded.
Grinder hits you!
You shoot a sling bullet.
The sling bullet closely misses Grinder.
Grinder completely misses you. Grinder hits you but does no damage.
You shoot a sling bullet. The sling bullet barely misses Grinder.
Grinder hits you.
You writhe in agony.
You shoot a sling bullet.
The sling bullet closely misses Grinder.
Grinder closely misses you.
You shoot a sling bullet. The sling bullet hits Grinder.
Grinder is moderately wounded.
Grinder gestures at you. Pain shoots through your body!
You shoot a sling bullet.
The sling bullet hits Grinder but does no damage.
Grinder is moderately wounded.
Grinder hits you.
You writhe in agony.
Grinder gestures at you.
You barely resist. You shoot a sling bullet. The sling bullet hits Grinder.
Grinder is moderately wounded.
Grinder gestures at you.
You barely resist. You shoot a sling bullet. The sling bullet hits Grinder.
Grinder is heavily wounded.
Grinder hits you!
You writhe in agony.
Grinder hits you but does no damage.
You shoot a sling bullet. The sling bullet hits Grinder.
Grinder is heavily wounded.
Grinder hits you!
You die...

###............
##...........
###.........[.
##...##........
#....(##.......
######..............
##..##...#...........
#........#...####.
##..@5.......#
####.#..#.....
..#..#.....# ##...##
..... ##.## .... ##
...


You could see Grinder.

Vanquished Creatures
  A phantom (D:2)
  4 adders
  4 gnolls (D:3)
  3 dart slugs
  6 ball pythons
  5 endoplasms
  4 giant cockroaches
  4 goblins
  2 hobgoblins
  7 kobolds
  4 quokkas
  9 bats
  3 frilled lizards
  7 rats
  A spectral orc (D:3)
64 creatures vanquished.

Vanquished Creatures (others)
  An endoplasm (D:2)
  A rat (D:2)
2 creatures vanquished.

Grand Total: 66 creatures vanquished

Notes
Turn   | Place    | Note
-------+----------+-------------------------------------------
     0 | D:1      | qw the Gargoyle Hexslinger began the quest for the Orb.
     0 | D:1      | Reached XP level 1. HP: 12/12 MP: 2/2
     0 | D:1      | 0 ||| qw: Version: 0.3-a-52-g30416fa
     0 | D:1      | 0 ||| qw: Game counter: 4928
     0 | D:1      | 0 ||| qw: Melee chars always use a shield: true
     0 | D:1      | 0 ||| qw: God list: Okawaru
     0 | D:1      | 0 ||| qw: Allow faded altars: false
     0 | D:1      | 0 ||| qw: Do Orc after clearing Dungeon:15 true
     0 | D:1      | 0 ||| qw: Do second Lair branch before Depths: true
     0 | D:1      | 0 ||| qw: Lair rune preference: random
     0 | D:1      | 0 ||| qw: Goals: Normal
     0 | D:1      | 0 ||| PLANNING D:1-11
   103 | D:1      | Reached XP level 2. HP: 16/16 MP: 3/3
   202 | D:1      | Reached skill level 3 in Ranged Weapons
   237 | D:1      | 237 ||| Stepping ~*~*~tactically~*~*~ (outnumbered).
   429 | D:1      | Reached XP level 3. HP: 21/21 MP: 4/4
   601 | D:1      | Found a faded altar of an unknown god.
   621 | D:1      | 621 ||| UPGRADING to +0 ring mail.
   631 | D:1      | 631 ||| DROPPING +0 robe.
   632 | D:1      | 632 ||| READING scroll labelled ROWIOSSATYH.
   633 | D:1      | 633 ||| READING scroll labelled PAS UKOSHRUNYX.
   638 | D:1      | 638 ||| DRINKING 2 clear potions.
   639 | D:1      | 639 ||| DROPPING scroll of poison.
   673 | D:2      | Noticed a phantom
   692 | D:2      | Killed a phantom
   693 | D:2      | Reached skill level 4 in Ranged Weapons
   693 | D:2      | Reached XP level 4. HP: 19/26 MP: 5/5
   751 | D:2      | Found a blossoming altar of Fedhas.
   931 | D:2      | Reached skill level 1 in Armour
  1091 | D:2      | Reached XP level 5. HP: 30/30 MP: 6/6
  1358 | D:2      | 1358 ||| READING 2 scrolls labelled YNAELI YNEDIRPH.
  1359 | D:2      | 1359 ||| READING scroll labelled MESSUI POUMI.
  1489 | D:3      | Found an ancient bone altar of Kikubaaqudgha.
  1715 | D:3      | Reached skill level 5 in Ranged Weapons
  1750 | D:3      | Found a hide-covered altar of Uskayaw.
  1818 | D:3      | 1818 ||| FLEEEEING.
  1819 | D:3      | 1819 ||| FLEEEEING.
  1820 | D:3      | HP: 2/31 [gnoll/+0 halberd (8)]
  1827 | D:3      | HP: 2/31 [gnoll/+0 spear (1)]
  2104 | D:3      | Reached skill level 3 in Fighting
  2206 | D:3      | Found a glowing silver altar of Zin.
  2242 | D:3      | Found a basalt altar of Yredelemnul.
  2296 | D:3      | 2296 ||| UPGRADING to scarf of repulsion.
  2301 | D:3      | 2301 ||| READING scroll labelled CEIBLU DA CAU.
  2302 | D:3      | 2302 ||| READING scroll labelled NIERAO QUEMONN.
  2341 | D:4      | Noticed Grinder
  2363 | D:4      | HP: 4/32 [Grinder (7)]
  2363 | D:4      | HP: 1/32 [Grinder (3)]
  2364 | D:4      | Slain by Grinder

Levels and vault maps discovered:
D:1:      nicolae_arrival_memento_mori, layout_basic,
          ebering_ecumenical_altar_mist
D:2:      layout_loops_ring, basic_altar, lemuel_flame_loot_1
D:3:      kennysheep_six_static_rooms, layout_basic,
          mainiacjoe_overflow_surrounded_room, mainiacjoe_overflow_boulevard,
          lemuel_coloured_pillars_altar, yredelemnul_forgotten_temple_becter,
          minmay_statues_item
D:4:      layout_cave_pools, uniq_grinder

Skill      XL: |  1  2  3  4  5 |
---------------+----------------+-----
Ranged Weapons | 3 4 5 |  5.0
Fighting       | 2 3 |  3.1
Armour         | 1 |  1.0
Dodging        | |  1.5
Spellcasting   | |  1.0
Hexes          | |  2.6

Action                     |  1- 3 |  4- 6 || total
---------------------------+-------+-------++-------
   Fire: Sling             |    82 |   168 ||   250
    Use: Scroll            |     2 |     4 ||     6
         Potion            |     1 |       ||     1
 Armour: Robe              |    13 |       ||    13
         Ring mail         |     9 |    50 ||    59
  Dodge: Dodged            |    29 |    48 ||    77

Table legend:
 A = Non-vault XP
 B = Vault XP
 C = Vault XP percentage of total XP
 D = Non-vault monster count
 E = Vault monster count
 F = Vault count percentage of total count
                 A         B        C        D         E       F
            +---------+---------+-------+---------+---------+-------
      Total |     281 |      20 |   6.6 |      58 |       6 |   9.4
            +---------+---------+-------+---------+---------+-------
        D:1 |      36 |       0 |   0.0 |      19 |       0 |   0.0
        D:2 |     155 |       0 |   0.0 |      21 |       0 |   0.0
        D:3 |      88 |      20 |  18.5 |      17 |       6 |  26.1
        D:4 |       2 |       0 |   0.0 |       1 |       0 |   0.0
            +---------+---------+-------+---------+---------+-------
